 Dungeon Crawl Stone Soup version 0.27-a0-1332-g84bddb5ca7 (webtiles) character file.

Game seed: 10961343015210426342

107 dinky3 the Covert (level 4, -7/23 HPs)
             Began as a Spriggan Delver on June 25, 2021.
             Was an Initiate of Ashenzari.
             Mangled by an ice beast (10 damage)
             ... on level 6 of the Dungeon.
             The game lasted 00:06:48 (843 turns).

dinky3 the Covert (Spriggan Delver)                  Turns: 843, Time: 00:06:49

Health: -7/23      AC:  2    Str:  8    XL:     4   Next: 57%
Magic:  17/17      EV: 18    Int: 12    God:    Ashenzari [......]
Gold:   59         SH:  0    Dex: 24    Spells: 1/8 levels left

rFire    . . .     SeeInvis +   a - +0 short sword
rCold    . . .     Faith    .   (shield restricted)
rNeg     . . .     Spirit   .   b - +0 robe of Curses and Power {Fort, Range} (curse)
rPois    .         Reflect  .   (helmet restricted)
rElec    .         Harm     .   (no cloak)
rCorr    .         Rampage  .   (gloves unavailable)
Will     .....                  (boots unavailable)
Stlth    ++++......             (no amulet)
HPRegen  0.07/turn              n - ring "Buonan" {MP+9 Dex+8}
MPRegen  0.15/turn              (no ring)

@: very quick
A: very small, no large weapons, unfitting armour, see invisible, speed 3
a: Renounce Religion, Shatter the Chains


You were on level 6 of the Dungeon.
You worshipped Ashenzari.
Ashenzari was noncommittal.
You visited 2 branches of the dungeon, and saw 6 of its levels.

You collected 59 gold pieces.

Inventory:

Hand Weapons
 a - a +0 short sword (weapon)
Missiles
 h - 14 poisoned darts (quivered)
Armour
 b - the cursed +0 robe of Curses and Power (worn) {Fort, Range}

   It has a curse which improves the following skills: Fortitude: Armour and
   Shields.
   Ranged Combat: Slings, Bows, Crossbows and Throwing.
Jewellery
 n - the ring "Buonan" (left hand) {MP+9 Dex+8}
   (You found it on level 6 of the Dungeon)

   [ring of magical power]

   It affects your dexterity (+8).
   It affects your magic capacity (+9).
Wands
 g - a wand of digging (3)
 l - a wand of charming (2)
Scrolls
 c - a scroll of fog
 e - a scroll of fear
 i - a scroll of amnesia
 k - a scroll of blinking
 m - 4 scrolls of teleportation
Potions
 d - 2 potions of curing
 f - a potion of haste
 j - 2 potions of magic


   Skills:
 - Level 2.4 Fighting
 - Level 3.2 Short Blades
 - Level 2.6 Dodging
 - Level 8.0 Stealth
 + Level 2.6 Spellcasting
 * Level 2.2 Hexes


You had one spell level left.
You knew the following spells:

 Your Spells              Type           Power      Damage    Failure   Level
a - Confusing Touch       Hex            7%         N/A       30%         3
b - Cause Fear            Hex            3%         N/A       69%         4

Your spell library contained the following spells:

 Spells                   Type           Power      Damage    Failure   Level
 Dazzling Flash           Conj/Hex       8%         N/A       43%         3
 Invisibility             Hex            3%         N/A       100%        6


Dungeon Overview and Level Annotations

Branches:
Dungeon (7/15)             Temple (1/1) D:5

Altars:
Ashenzari
Gozag
Kikubaaqudgha
Makhleb
Nemelex Xobeh
Okawaru
Sif Muna
Trog
Uskayaw
Wu Jian

Shops:
D:4 *   D:5 (

Annotations:
D:6 Eustachio


Innate Abilities, Weirdness & Mutations

You are very small and have problems with some larger weapons.
You are too small for most types of armour.
You have supernaturally acute eyesight. (SInv)
You cover ground extremely quickly. (Speed+++)


Message History

Aiming: Charm
Press: ? - help, Shift-Dir - straight line, f - quokka, p - Eustachio
Aim: a quokka (summoned, chance to affect: 63%)
The quokka is charmed.
The quasit bites your river rat but does no damage.
The quasit claws your river rat but does no damage. x2
The quasit closely misses your river rat. x3
The quokka closely misses you.
Eustachio gestures wildly while chanting.
Your quokka closely misses the rat.
The quasit bites your river rat but does no damage.
The quasit closely misses your river rat. x2
The quasit bites your river rat but does no damage.
The quasit barely misses your river rat.
The quasit claws your river rat but does no damage.
Your river rat bites the quasit.
The rat misses you.
You swap places.
The quokka bites your quokka.
The crimson imp blinks!
Your quokka misses Eustachio.
The quasit bites your river rat but does no damage.
The quasit claws your river rat but does no damage.
The quasit closely misses your river rat.
The quasit bites your river rat.
The quasit barely misses your river rat.
The quasit claws your river rat.
Eustachio hits your quokka with a +0 falchion!
Your quokka dies!
Your quokka's corpse disappears in a puff of smoke!
Your river rat misses the quasit.
The rat barely misses you.
Aiming: Charm
Press: ? - help, Shift-Dir - straight line, f - ice beast
Aim: an ice beast (wandering, hasn't noticed you, chance to affect: 46%)
The ice beast resists with some effort.
Aiming: Charm
Press: ? - help, Shift-Dir - straight line, f/p - ice beast
Aim: an ice beast (chance to affect: 46%)
The ice beast resists with some effort.
The rat misses you. The ice beast hits you.
* * * LOW HITPOINT WARNING * * *
The ice beast freezes you!
You die...

#...#.####### #.### o......#.##
#...# ....$...#.## #.#...#
...$.....#.## #.###...#
..........#.## ##.### #...#
##.#.......#.###§.§.### #...##
#.#.#.......#.##r##.r5### #...###
#####......(.###r####5r§### #...#
.# ........>.###@# ###...#####..
.# #########...Y.# ###...#...# .#
#.##############...### .#
##.#####..........)....
.##########..<..............####.
.............#########...>..# #.
.###########.# #.####.# ##.
......... ..# #.# #.###..
######### #### #.# #.....#


You could see an ice beast, a quokka (summoned) and a rat (summoned).

Vanquished Creatures
  An iguana (D:5)
  A hound skeleton (D:4)
  A goblin (D:3)
  2 hobgoblins
  5 jackals
  2 kobolds (D:3)
  A rat (D:3)
13 creatures vanquished.

Vanquished Creatures (collateral kills)
  A hound (D:6)
  An orc (D:6)
2 creatures vanquished.

Vanquished Creatures (others)
  An ice beast (D:6)
  A wyvern zombie (D:6)
  2 plants (D:5)
4 creatures vanquished.

Grand Total: 19 creatures vanquished

Notes
Turn   | Place    | Note
-------+----------+-------------------------------------------
     0 | D:5      | dinky3 the Spriggan Delver began the quest for the Orb.
     0 | D:5      | Reached XP level 1. HP: 11/11 MP: 2/2
     7 | D:5      | Found a staircase to the Ecumenical Temple.
    13 | Temple   | Entered the Ecumenical Temple
    60 | Temple   | Became a worshipper of Ashenzari the Shackled
   157 | D:4      | Identified the Compendium of Malediction
   157 | D:4      | Found Apizuoc's General Store.
   226 | D:3      | Reached XP level 2. HP: 16/16 MP: 3/3
   256 | D:3      | Found a faded altar of an unknown god.
   331 | D:4      | Reached skill level 1 in Spellcasting
   370 | D:5      | Reached skill level 8 in Stealth
   370 | D:5      | Reached XP level 3. HP: 13/19 MP: 4/6
   375 | D:5      | Learned a level 3 spell: Confusing Touch
   460 | D:5      | Found Emauheg's Weapon Shop.
   517 | D:6      | Noticed an ice beast
   531 | D:6      | Noticed a scorpion
   560 | D:6      | Identified the ring "Buonan" {MP+9 Dex+8}
   583 | D:6      | Reached skill level 1 in Hexes
   583 | D:6      | Reached XP level 4. HP: 14/23 MP: 6/8
   651 | D:7      | Noticed a kobold brigand
   651 | D:7      | Noticed an ogre
   738 | D:6      | Learned a level 4 spell: Cause Fear
   769 | D:6      | Noticed Eustachio
   772 | D:6      | Noticed an ice beast
   819 | D:6      | HP: 1/23 [Eustachio (5)]
   843 | D:6      | Mangled by an ice beast

Illustrated notes

Levels and vault maps discovered:
D:3:      layout_rooms, cheibrodos_worm_habitat, grunt_temple_overflow_holy_war,
          ebering_ecumenical_altar_abandoned
D:4:      layout_basic, serial_shops, shop, uniq_sigmund, uniq_robin
D:5:      layout_loops_ring, grunt_temple_overflow_order_and_chaos_1,
          minmay_temple_entry_enclosed_plants, serial_co_window_serial,
          co_window_of_opportunity_a, co_window_cross_1, co_window_paths_a,
          co_window_paths_a, co_window_of_opportunity_a, co_window_broadway_a,
          co_window_of_opportunity_b, co_window_unsneaky_path_e,
          co_window_broadway_b, glass_columns_b, glass_columns_a,
          glass_columns_a, glass_columns_b, glass_columns_a, serial_shops,
          nicolae_shop_trees, dk_rats_in_the_wall, uniq_ijyb
D:6:      wad_pebble_path, layout_loops_ring, minivault_24,
          nicolae_benzene_ring, uniq_eustachio
D:7:      layout_rooms, lemuel_crystal_altar, kennysheep_mini_moat,
          fedhas_altar_2, guppyfry_shop_venom
Temple:   zaba_magenta_temple

Skill      XL: |  1  2  3  4 |
---------------+-------------+-----
Spellcasting   | 1 2 |  2.6
Short Blades   | 3 |  3.2
Stealth        | 8 |  8.0
Hexes          | 1 2 |  2.2
Fighting       | |  2.4
Dodging        | |  2.6

Action                   |  1- 3 |  4- 6 || total
-------------------------+-------+-------++-------
Melee: Short sword       |    33 |     9 ||    42
Throw: Dart              |       |     3 ||     3
Invok: Curse Item        |     1 |       ||     1
Evoke: Wand              |     1 |     6 ||     7
  Use: Scroll            |     1 |       ||     1
       Potion            |       |     1 ||     1
 Stab: Sleeping          |    12 |       ||    12
Armor: Robe              |     1 |     1 ||     2
Dodge: Dodged            |    17 |    25 ||    42

Table legend: (Time is in decaauts)
 A = Elapsed time spent in this place.
 B = Non-inter-level travel time spent in this place.
 C = Inter-level travel time spent in this place.
 D = Time resting spent in this place.
 E = Time spent auto-exploring this place.
 F = Levels seen in this place.
 G = Mean time per level.
                   A        B        C        D        E       F      G
               +--------+--------+--------+--------+--------+-----+--------+
         Total |    555 |    555 |      0 |      0 |      0 |   6 |   92.5 |
       Dungeon |    518 |    518 |      0 |      0 |      0 |   5 |  103.6 |
        Temple |     37 |     37 |      0 |      0 |      0 |   1 |   37.0 |
               +--------+--------+--------+--------+--------+-----+--------+

Top non-repeatable levels by time:
     D:6: 227 daAuts
     D:5: 112 daAuts
     D:4: 95 daAuts
     D:3: 78 daAuts
  Temple: 37 daAuts
     D:7: 4 daAuts
